 Dungeon Crawl Stone Soup version 0.29.1-15-g9cfb28693d (webtiles) character file.

Game seed: 17416037517163421519

30 MysteronAgent905 the Sneak (level 3, -5/29 HPs)
             Began as a Draconian Brigand on Apr 4, 2023.
             Slain by a hornet (8 damage)
             ... on level 5 of the Dungeon.
             The game lasted 00:03:26 (806 turns).

MysteronAgent905 the Sneak (Draconian Brigand)       Turns: 806, Time: 00:03:27

Health: -5/29      AC:  6    Str: 13    XL:     3   Next: 3%
Magic:  3/4        EV: 11    Int: 13    God:
Gold:   69         SH:  0    Dex: 12    Spells: 3/3 levels left

rFire   + . .      SeeInvis .   a - +2 dagger
rCold   + . .      Faith    .   (no shield)
rNeg    . . .      Spirit   .   (body armour unavailable)
rPois   .          Reflect  .   (helmet restricted)
rElec   .          Harm     .   b - +0 cloak
rCorr   .          Rampage  .   (no gloves)
Will    .....                   (no boots)
Stlth   ++........              (no amulet)
HPRegen 0.09/turn               i - ring of protection from cold
MPRegen 0.09/turn               j - ring of protection from fire

@: lethally poisoned (-5 -> -10)
A: AC +5, unfitting armour, cold-blooded
a: no special abilities


You were on level 5 of the Dungeon.
You visited 1 branch of the dungeon, and saw 5 of its levels.

You collected 69 gold pieces.

Inventory:

Hand Weapons
 a - a +2 dagger (weapon)
Missiles
 c - 10 poisoned darts (quivered)
 d - 3 curare-tipped darts
 g - 6 atropa-tipped darts
Armour
 b - a +0 cloak (worn)
Jewellery
 i - a ring of protection from cold (left hand)
 j - a ring of protection from fire (right hand)
Scrolls
 f - a scroll of teleportation
 h - 3 scrolls of enchant armour {unknown}


   Skills:
 * Level 2.3 Fighting
 * Level 2.2 Short Blades
 * Level 1.9 Throwing
 * Level 1.2 Dodging
 * Level 4.1 Stealth
 * Level 0.6 Spellcasting


You had 3 spell levels left.
You didn't know any spells.
Your spell library was empty.

Dungeon Overview and Level Annotations

Branches:
Dungeon (5/15)
 Temple: D:4-7

Altars:
Ashenzari
Dithmenos
Hepliaklqana
Kikubaaqudgha
Makhleb
Sif Muna
Trog


Innate Abilities, Weirdness & Mutations

Your plain brown scales are hard. (AC +5)
You cannot fit into any form of body armour.
You are cold-blooded and may be slowed by cold attacks.


Message History

Blink to where?
Press: ? - help, Dir - move target An orc and an orc priest come into view.
Found a ring mail.
Found a stone staircase leading down.
As you read the scroll labelled EXZOUK NOOMP, it crumbles to dust.
It was a scroll of blinking.
h - 3 scrolls labelled TULEWIE RISAD The orc shouts!
An orc comes into view. It is wielding a +0 club.
An orc wizard comes into view. It is wielding a +0 dagger.
As you read the scroll of teleportation, it crumbles to dust.
You feel strangely unstable.
Your surroundings suddenly seem different.
A hornet comes into view.
Found a curved silver wand and a black potion.
The helpless hornet fails to defend itself.
You impale the hornet!!
The hornet is severely wounded.
The hornet stings you!
You feel yourself slow down. The hornet stings you.
You are poisoned.
You feel as though you will be slow longer.
Unknown command.
It was a potion of curing.
You feel better.
You feel yourself speed up. The hornet stings you!
Ouch! That really hurt!
* * * LOW HITPOINT WARNING * * *
You are lethally poisoned!
You feel yourself slow down. The hornet barely misses you.
You miss the hornet. You punch the hornet, but do no damage.
The hornet is severely wounded.
* * * LOW HITPOINT WARNING * * *
You feel very sick. The hornet barely misses you. The hornet misses you.
You miss the hornet.
Your tail-slap misses the hornet.
The hornet is severely wounded.
You feel yourself speed up.
* * * LOW HITPOINT WARNING * * *
You feel sick. The hornet stings you!
You die...

....##
#.....
....#
#...#
#...##
#.../#
#...#
#y@.#
#...#
#.....#
###....
#.!..+
#####.
.. ...


You could see a hornet.

Vanquished Creatures
  An ufetubus (D:4)
  4 orcs
  A bat (D:2)
  2 endoplasms
  A goblin (D:4)
  2 hobgoblins
  3 jackals
  A ball python (D:4)
  A frilled lizard (D:2)
  2 kobolds
18 creatures vanquished.

Notes
Turn   | Place    | Note
-------+----------+-------------------------------------------
     0 | D:1      | MysteronAgent905 the Draconian Brigand began the quest for
                  | the Orb.
     0 | D:1      | Reached XP level 1. HP: 17/17 MP: 1/1
   273 | D:2      | Reached skill level 1 in Dodging
   312 | D:2      | Reached skill level 4 in Stealth
   312 | D:2      | Reached XP level 2. HP: 24/24 MP: 2/2
   723 | D:4      | Found a shimmering blue altar of Sif Muna.
   725 | D:4      | Found an ancient bone altar of Kikubaaqudgha.
   725 | D:4      | Found a broken altar of Ashenzari.
   725 | D:4      | Found a hazy altar of Hepliaklqana.
   725 | D:4      | Found a shadowy altar of Dithmenos.
   726 | D:4      | Found a burning altar of Makhleb.
   731 | D:4      | Found a bloodstained altar of Trog.
   792 | D:5      | Entered Level 5 of the Dungeon
   794 | D:5      | Reached XP level 3. HP: 29/29 MP: 2/4
   801 | D:5      | Noticed a hornet
   806 | D:5      | Slain by a hornet

Illustrated notes

Levels and vault maps discovered:
D:1:      spicycebolla_green_bress_n_ham, layout_rooms, minmay_tripent
D:2:      layout_rooms
D:3:      layout_rooms, dreamdust_ecumenical_altar_hidden_monk_grotto,
          kennysheep_generic_room_11, uniq_crazy_yiuf_cottage
D:4:      layout_loops_ring, minitemple, chequers_serial_rivers_room_a
D:5:      lemuel_castle_with_subvaults [lemuel_castle_interior_original],
          layout_rooms, gup_sewer_entry_bowl

Skill      XL: |  1 |
---------------+----+-----
Dodging        | 1 |  1.2
Stealth        | 4 |  4.1
Fighting       | |  2.3
Short Blades   | |  2.2
Throwing       | |  1.9
Spellcasting   | |  0.6

Action                   || total
-------------------------++-------
Melee: Dagger            ||    57
       Tailslap          ||     8
       Punch             ||     1
Throw: Dart              ||    17
  Use: Scroll            ||     3
       Potion            ||     1
 Stab: Sleeping          ||     3
Armor: Skin              ||    15
Dodge: Dodged            ||    31
